Cogmind - Beta 16 @@@ ROGUE MODE // 2025.11.15 @ 20:37:25 Player: BlobtheGreat Result: Destroyed by Executioner with Helical Railgun Performance ------------- Evolutions (5) 2500 Regions Visited (19) 3800 Robots Destroyed (307) 1535 Value Destroyed (9579) 9579 Prototype IDs (52) 1040 Alien Tech Used (0) 0 Bonus (6112) 6112 TOTAL SCORE: 24566 Bonus ------- High Alert Combat Kills 792 Follower Combat Kills 1748 Registered with UFD 300 Met Optimus in HQ 500 Met Data Miner 300 MAIN.C Attacked Warlord 500 Warlord Defense Kills 2256 Friendly Fire -284 Cogmind --------- Core Integrity 0/1000 Matter 297/300 Energy 100/100 System Corruption 5% Temperature Cool (9) Movement Core (350) Ox6 Location -5/Warlord Parts ------- > --- POWER (2) -------- (None) > --- PROPULSION (6) --- (None) > --- UTILITY (7) ------ Large Storage Unit Advanced Signal Interpreter Experimental Core Analyzer Advanced Hacking Suite > --- WEAPON (2) ------- (None) > --- INVENTORY (15) --- Micro Fission Core Advanced Heat Sink Improved Kinecellerator Improved Weapon Cycler Transmission Jammer Hardened Medium Armor Plating Authchip [Weapon] Smartbomb Launcher Improved Plasma Cutter Voltaic Drivehammer (4/40) Makeshift Spear Peak State ------------ > --- POWER ------------ Vortex Chain Reactor > --- PROPULSION ------- Cooled Airjet Combat Airjet Combat Airjet Makeshift Hover Unit Combat Gravmag System Improved Antigrav System > --- UTILITY ---------- Large Storage Unit Advanced Signal Interpreter Experimental Core Analyzer Improved Light Armor Plating Advanced Remote Shield Advanced Hacking Suite System Shield > --- WEAPON ----------- Helical Railgun CPS Tube > --- INVENTORY -------- Micro Fission Core Advanced Heat Sink Improved Kinecellerator Improved Weapon Cycler Transmission Jammer Hardened Medium Armor Plating Authchip [Weapon] Smartbomb Launcher Improved Plasma Cutter Voltaic Drivehammer Makeshift Spear Large Botcube [Rating: 111] Favorites ----------- Power Improved Deuterium Engine Engine Improved Deuterium Engine Power Core Light Nuclear Core Reactor Cold Fusion Reactor Propulsion Light Treads Treads Light Treads Leg Improved Carbon-fiber Leg Wheel Overtuned Huge Scrapsphere Hover Unit Combat Airjet Flight Unit Cooled VTOL Module Utility Seismic Detector Device Seismic Detector Storage Huge Storage Unit Processor Tech Extrapolator Hackware System Shield Protection Light Armor Plating Weapon Enhanced Autogun Energy Gun Gatling Laser Energy Cannon Vortex Driver Ballistic Gun Enhanced Autogun Ballistic Cannon Bore Cannon Launcher Smartbomb Launcher Special Weapon Junk Cannon Impact Weapon Heavy Flail Slashing Weapon Power Sword Piercing Weapon Makeshift Spear Build | -11 -10 -10 -9 -9 -8 -8 -8 -8 -6 -6 -6 -6 -5 -5 -5 -5 -5 -5 -5 ------- Run | Yrd Mat Min Mat Min Mat Sto Rec Scr Fac Low Low Dat Pro Fac Was Fac Upp Upp War Slots Evolved 10 | . . . 2 . 2 . . . 4 . . . . 2 . . . . . Power 1 | . . . . . . . . . 1 . . . . . . . . . . Propulsion 4 | . . . 1 . 1 . . . 1 . . . . 1 . . . . . Utility 5 | . . . 1 . 1 . . . 2 . . . . 1 . . . . . Weapon . | . . . . . . . . . . . . . . . . . . . . Parts Attached 175 | 7 4 4 19 2 34 22 2 5 30 1 . . 3 8 . 10 5 4 15 Power 20 | 1 1 . 2 1 2 . 1 . 6 . . . . 1 . 2 . . 3 Engine 9 | 1 . . 2 1 2 . 1 . 1 . . . . . . . . . 1 Core 6 | . 1 . . . . . . . 1 . . . . 1 . 2 . . 1 Reactor 5 | . . . . . . . . . 4 . . . . . . . . . 1 Propulsion 58 | 2 1 . 9 . 13 13 1 2 9 1 . . . 2 . . 1 2 2 Treads 37 | 2 1 . 9 . 12 10 1 1 1 . . . . . . . . . . Leg 2 | . . . . . . 2 . . . . . . . . . . . . . Wheel 3 | . . . . . . . . 1 2 . . . . . . . . . . Hover 15 | . . . . . 1 . . . 6 1 . . . 2 . . 1 2 2 Flight 1 | . . . . . . 1 . . . . . . . . . . . . . Utility 45 | 2 1 1 3 1 7 3 . 2 9 . . . 1 1 . 7 1 1 5 Device 15 | 1 . 1 . 1 2 . . 2 1 . . . . . . 3 . 1 3 Storage 4 | 1 1 . . . 1 . . . 1 . . . . . . . . . . Processor 5 | . . . . . . . . . 3 . . . . . . 1 . . 1 Hackware 4 | . . . . . . . . . 1 . . . 1 . . 2 . . . Protection 17 | . . . 3 . 4 3 . . 3 . . . . 1 . 1 1 . 1 Artifact . | . . . . . . . . . . . . . . . . . . . . Weapon 52 | 2 1 3 5 . 12 6 . 1 6 . . . 2 4 . 1 3 1 5 Energy Gun 11 | 2 . 1 2 . 3 3 . . . . . . . . . . . . . Energy Cannon 2 | . . . . . 1 . . . . . . . . . . . . . 1 Ballistic Gun 16 | . . 1 1 . 6 2 . . 2 . . . . 1 . . . 1 2 Ballistic Cannon 3 | . . . . . . . . . . . . . 1 . . 1 1 . . Launcher 7 | . 1 1 . . 2 . . . 1 . . . 1 1 . . . . . Special Weapon 6 | . . . . . . . . 1 2 . . . . 1 . . . . 2 Impact Weapon 3 | . . . 1 . . 1 . . . . . . . . . . 1 . . Slashing Weapon 3 | . . . 1 . . . . . 1 . . . . 1 . . . . . Piercing Weapon 1 | . . . . . . . . . . . . . . . . . 1 . . Special Melee Weapon . | . . . . . . . . . . . . . . . . . . . . Unidentified Prototypes 25 | . . 1 2 . 4 3 . 1 4 . . . . 1 . 3 . . 6 Parts Lost 44 | . . 1 2 2 5 8 1 . 8 . . . 2 . . 5 1 2 7 Power 6 | . . . 2 1 . 1 . . . . . . . . . 1 . . 1 Propulsion 15 | . . . . . 2 3 . . 4 . . . 1 . . . 1 1 3 Utility 15 | . . . . 1 1 3 1 . 3 . . . 1 . . 3 . . 2 Weapon 8 | . . 1 . . 2 1 . . 1 . . . . . . 1 . 1 1 Highest Loss Streak 3 | . . 1 1 1 2 2 1 . 2 . . . 1 . . 1 1 1 3 To Critical Strikes 2 | . . . . . . . . . 1 . . . . . . . 1 . . Average Backups 19 | 4 10 18 19 19 24 24 24 22 21 12 12 12 11 11 12 11 11 11 11 Power 1 | . 1 1 2 2 1 1 . . 1 2 2 2 1 1 2 1 . 1 1 Propulsion 5 | 3 2 3 2 2 8 6 7 7 6 2 2 2 1 . . . . . . Utility 5 | . 2 4 6 6 6 6 7 7 5 1 1 1 . 2 4 3 3 4 5 Weapon 6 | . 4 9 9 9 8 9 9 6 4 5 5 5 5 5 4 4 4 4 3 Tool/Special . | . . . . . . . . . . . . . . . . . . . . Unused Backups 73 | . 2 1 5 . 10 5 . 22 20 . . . . 1 . 3 . . 4 Power 7 | . . . . . 2 . . 2 2 . . . . . . 1 . . . Propulsion 22 | . 2 1 1 . 2 3 . 5 7 . . . . . . 1 . . . Utility 24 | . . . . . 1 1 . 9 8 . . . . . . 1 . . 4 Weapon 19 | . . . 4 . 5 1 . 6 3 . . . . . . . . . . Tool/Special 1 | . . . . . . . . . . . . . . 1 . . . . . Average Slot Usage (%) 92 | . 99 100 99 98 99 96 94 87 73 100 100 93 98 99 88 90 91 89 94 Engine 6 | . 3 . 10 10 9 8 6 9 5 . . . . . . . . . 1 Core 2 | . 10 14 . . . . . . 1 . . . . 3 5 3 5 5 4 Reactor 2 | . . . . . . . . . 6 13 13 13 13 7 5 6 5 5 2 Treads 23 | . 27 28 32 33 35 32 36 32 4 . . . . . . . . . . Wheel 1 | . . . . . . . . 1 10 . . . . . . . . . . Hover 6 | . . . . . . . . . 2 33 33 33 33 34 29 29 29 29 33 Device 11 | . 14 14 11 10 17 16 9 10 6 13 13 13 13 11 11 3 1 . 4 Storage 8 | . 14 14 11 11 9 9 9 9 6 6 6 6 6 5 5 5 5 5 5 Processor 3 | . . . . . . . . . 7 13 13 13 13 11 11 13 11 11 11 Hackware 2 | . . . . . . . . . 5 6 6 6 5 5 5 10 17 16 10 Protection 6 | . . . 10 11 8 8 15 6 4 . . . . 4 5 3 3 5 4 Energy Gun 5 | . 27 23 10 11 7 12 . . . . . . . . . . . . . Ballistic Gun 8 | . . 4 11 11 9 4 18 17 1 10 10 . 4 . . . . . 1 Peak Build Rating 111 | 7 10 20 17 19 35 39 28 49 84 88 82 82 83 92 92 95 88 88 111 Average Rating 41 | 6 8 11 15 17 28 31 26 30 70 84 82 78 81 90 91 88 85 81 95 On Entrance 52 | . 7 10 13 16 19 33 25 27 48 82 82 82 82 81 90 92 83 88 87 Avg Prop Armor Cover (%) 8 | . . . . . . 8 . 12 6 . . . . . . . . . . Naked Turns . | . . . . . . . . . . . . . . . . . . . . Heaviest Build 130 | 12 49 50 55 57 109 109 103 106 130 62 52 52 57 66 58 62 56 55 85 Greatest Support 80 | 40 40 40 60 60 80 80 80 80 62 55 55 55 63 76 67 69 69 69 72 Greatest Overweight (x) 18 | 1 2 1 . . 1 3 1 5 6 1 . . 1 . . . . . 18 Average Overweight (x) . | . . 1 . . . 1 1 1 3 . . . . . . . . . . Largest Inventory Capacity 25 | 8 20 20 20 20 25 25 25 25 25 15 15 15 15 15 15 15 15 15 15 Average Capacity 21 | 7 15 20 20 20 24 25 25 25 24 15 15 15 15 15 15 15 15 15 15 Most Carried 25 | 7 15 20 20 20 25 25 25 25 25 15 15 15 15 15 15 15 15 15 15 Average Carried 20 | 4 10 18 19 19 24 24 24 23 24 15 15 15 14 14 14 14 14 14 14 Final Capacity 25 | 8 20 20 20 20 25 25 25 25 15 15 15 15 15 15 15 15 15 15 15 Final Carried 25 | 7 15 20 20 20 25 25 25 25 15 15 15 15 14 15 15 13 15 15 12 Scrap Suit Usage (%) 5 | . . . . . . . . 18 9 . . . . . . . . . . Parts Cannibalized 1 | . . . . . . . . . 1 . . . . . . . . . . Class Distribution -------------------- 60% | Scavenger-Mutant 26% | Mutant 6% | Hacker-Mutant Dominant Class ---------------- Mutant | -10/Materials Mutant | -10/Mines Scavenger-Mutant | -9/Materials Scavenger-Mutant | -9/Mines Scavenger-Mutant | -8/Materials Scavenger-Mutant | -8/Storage Scavenger-Mutant | -8/Recycling Scavenger-Mutant | -8/Scraptown Mutant | -6/Factory Mutant | -6/Lower Caves Mutant | -6/Lower Caves Mutant | -6/Data Miner Mutant | -5/Proximity Caves Mutant | -5/Factory Mutant | -5/Waste Hacker-Mutant | -5/Factory Hacker-Mutant | -5/Upper Caves Hacker-Mutant | -5/Upper Caves Hacker-Mutant | -5/Warlord Resources | -11 -10 -10 -9 -9 -8 -8 -8 -8 -6 -6 -6 -6 -5 -5 -5 -5 -5 -5 -5 ----------- Run | Yrd Mat Min Mat Min Mat Sto Rec Scr Fac Low Low Dat Pro Fac Was Fac Upp Upp War Matter Collected 6637 | 268 169 316 559 156 1013 556 201 100 1063 35 72 . 165 250 229 660 295 41 489 Remotely . | . . . . . . . . . . . . . . . . . . . . Salvage Created 12450 | 249 450 217 1463 146 1801 2238 593 50 2236 . . . 117 476 . 1257 125 95 937 Parts 585 | 23 31 7 92 6 113 98 25 2 53 . . . 9 29 . 57 6 1 33 Haulers Intercepted 22 | . 2 . 2 . 3 5 . . 6 . . . . 1 . 3 . . . Recyclers Shooed 12 | . . . 2 . 4 1 . . . . . . . 3 . 2 . . . Parts Field Recycled . | . . . . . . . . . . . . . . . . . . . . Retrieved Matter . | . . . . . . . . . . . . . . . . . . . . Parts Self-Destructed 7 | . . . . . . . . . . . . . 7 . . . . . . Prevented 1 | . . . . . . . . . . . . . 1 . . . . . . Parts Restored . | . . . . . . . . . . . . . . . . . . . . Kills | -11 -10 -10 -9 -9 -8 -8 -8 -8 -6 -6 -6 -6 -5 -5 -5 -5 -5 -5 -5 ------- Run | Yrd Mat Min Mat Min Mat Sto Rec Scr Fac Low Low Dat Pro Fac Was Fac Upp Upp War Combat Hostiles Destroyed 212 | . 12 2 31 4 35 38 6 . 30 . . . 7 9 . 15 2 . 21 Melee 2 | . . . . . . . . . . . . . . . . . . . 2 Guns 128 | . 11 1 26 4 33 37 6 . 3 . . . . . . . . . 7 Cannons 24 | . . . . . 1 . . . 8 . . . . . . 5 2 . 8 AOE 45 | . 1 1 5 . . . . . 8 . . . 7 9 . 10 . . 4 Classes Destroyed 20 | 3 4 . 2 1 3 1 . . 1 . . . 1 . . . 1 1 2 Worker 17 | 2 . . 3 . 1 . . . 6 . . . . 1 . 4 . . . Builder 13 | . 1 . 1 . 2 1 1 . 1 . . . . 6 . . . . . Tunneler 8 | 6 . . . . 1 . . . 1 . . . . . . . . . . Hauler 22 | . 2 . 2 . 3 5 . . 6 . . . . 1 . 3 . . . Recycler 20 | 1 . 1 3 . 2 5 2 . 1 . . . . 1 . 4 . . . Mechanic 1 | . . . . . 1 . . . . . . . . . . . . . . Drone 2 | . . . . . . . . . . . . . 2 . . . . . . Watcher 12 | . . . 3 . 3 1 . . 1 . . . . 2 . 2 . . . Swarmer 58 | . 6 . 11 . 11 7 . . 5 . . . 4 4 . 9 . . 1 Saboteur 3 | . . . . . . . . . . . . . . . . . . . 3 Grunt 82 | . 6 2 12 3 10 18 1 . 13 . . . . 3 . 3 . . 11 Brawler 5 | . . . . . . 1 . 1 2 . . . . . . . . . 1 Duelist 4 | . . . . 1 . 1 . . 2 . . . . . . . . . . Sentry 38 | . . . 8 . 9 11 5 . 3 . . . 1 . . 1 . . . Specialist 5 | . . . . . 4 . . . . . . . . . . . . . 1 Hunter 5 | . . . . . 1 . . . 2 . . . . . . . . . 2 Programmer 8 | . . . . . . . . . 3 . . . . 2 . 2 . . 1 Executioner 1 | . . . . . . . . . . . . . . . . . . . 1 Samaritan 2 | . . . . . . . . . . . . . . . . . . 2 . Thug 1 | . . 1 . . . . . . . . . . . . . . . . . Mutant 2 | . . . . . . . . . . . . . . . . . 2 . . Best Kill Streak 10 | 3 4 2 10 2 8 7 4 . 8 . . . 5 9 . 7 1 . 5 Combat Bots Only 9 | . 3 2 9 2 4 7 2 . 7 . . . 5 4 . 5 1 . 5 Max Kills in Single Turn 5 | 1 2 1 3 1 4 2 1 1 4 . . . 2 5 . 5 1 1 4 Gunslinging 1 | . . . . . 1 1 . . . . . . . . . . . . . Exploded 4 | . 1 1 3 . . . . . 4 . . . 2 3 . 4 . . 4 Melee 1 | . . . . . . . . . . . . . . . . . . . 1 Uniques/NPCs Destroyed . | . . . . . . . . . . . . . . . . . . . . Combat | -11 -10 -10 -9 -9 -8 -8 -8 -8 -6 -6 -6 -6 -5 -5 -5 -5 -5 -5 -5 -------- Run | Yrd Mat Min Mat Min Mat Sto Rec Scr Fac Low Low Dat Pro Fac Was Fac Upp Upp War Hostile Shots Fired 1110 | . 26 18 108 14 178 126 26 8 198 . . . 45 27 . 72 17 16 231 Missed 344 | . 5 4 31 1 41 32 8 . 61 . . . 17 15 . 30 7 5 87 Hits 766 | . 21 14 77 13 137 94 18 8 137 . . . 28 12 . 42 10 11 144 Melee 14 | . . . . 2 . 3 . . 5 . . . . . . . . . 4 Projectile 752 | . 21 14 77 11 137 91 18 8 132 . . . 28 12 . 42 10 11 140 Critical Strikes 25 | . . . 4 . 3 3 1 . 7 . . . . 1 . 1 1 1 3 Actively Blocked 1 | . . . . . . . . . . . . . . . . 1 . . . Damage Taken 12502 | . 260 141 857 214 2002 1350 244 153 2869 . . . 606 205 30 853 173 212 2333 Core 2049 | . 49 7 114 49 132 111 42 11 393 . . . 130 . . 37 . 20 954 Absorbed by Shields 577 | . . . . . . . 27 . 34 . . . . . . . . . 516 Redirected to Shielding 111 | . . . . . . . . . . . . . . . . 111 . . . Regen/Repaired (Parts) 306 | . . . 74 . . . . . 10 . . . . . . . . . 222 Core Remaining (%) 64 | 100 . 77 . 59 . . . 46 . . . . 38 . . . . . . Volleys Fired 699 | 17 29 18 98 13 112 90 24 . 120 . . . 11 22 4 56 22 . 63 Largest 2 | 2 2 2 2 2 2 2 2 . 2 . . . 1 1 1 1 1 . 2 Hottest 160 | 90 90 90 79 79 160 160 50 . 50 . . . 43 48 46 51 51 . 100 Shots Fired 1077 | 34 55 27 183 25 213 178 48 . 130 1 . . 10 22 3 56 21 . 71 Gun 841 | 34 54 26 180 25 203 178 48 . 46 1 . . . . . . . . 46 Cannon 122 | . . . . . 10 . . . . . . . . 18 . 49 21 . 24 Launcher 33 | . 1 1 3 . . . . . 4 . . . 10 4 3 7 . . . Special 81 | . . . . . . . . . 80 . . . . . . . . . 1 Kinetic 521 | . . . 87 12 137 56 48 . 46 1 . . . 18 . 49 21 . 46 Thermal 406 | 34 54 24 93 13 66 122 . . . . . . . . . . . . . Explosive 28 | . 1 1 3 . . . . . 4 . . . 5 4 3 7 . . . Electromagnetic 19 | . . 2 . . 10 . . . 1 . . . 5 . . . . . 1 Impact 78 | . . . . . . . . . 78 . . . . . . . . . . Entropic 24 | . . . . . . . . . . . . . . . . . . . 24 Robot Hit Streak 24 | 5 18 6 9 7 11 24 16 . 10 . . . 2 4 1 8 9 . 3 Robot Miss Streak 5 | 4 5 4 4 3 5 4 3 . 3 . . . . 4 . 3 1 . 5 Penetration Max 1 | . . . . . 1 . . . . . . . . 1 . 1 . . 1 Secondary Targets 8 | . . . 1 . 4 3 . . . . . . . . . . . . . Max Gunslinging Chain 1 | . . . 1 . 1 1 . . . . . . . . . . . . . Shots Hit Robots 723 | 19 37 13 121 18 151 146 35 1 90 . . . 1 13 1 34 8 2 33 Core Hits 454 | 10 26 9 63 10 83 104 14 1 38 . . . 8 27 . 31 3 2 25 Critical Kills 14 | . . . . . 1 . . . 2 . . . . 1 . 7 2 . 1 Critical Parts Destroyed 34 | . . . . . 1 . . . 16 . . . . 5 . 8 3 . 1 Critical Strikes 67 | 1 1 . 4 1 3 . . . 18 . . . . 7 . 15 5 . 12 Burn 7 | 1 1 . 4 1 . . . . . . . . . . . . . . . Destroy 30 | . . . . . 2 . . . . . . . . 6 . 15 5 . 2 Corrupt 1 | . . . . . 1 . . . . . . . . . . . . . . Smash 18 | . . . . . . . . . 18 . . . . . . . . . . Sever 1 | . . . . . . . . . . . . . . 1 . . . . . Sunder 10 | . . . . . . . . . . . . . . . . . . . 10 Melee Attacks 90 | . . . 8 . 9 14 . 4 7 . 2 . 5 17 1 18 3 2 . Impact 37 | . . . 4 . 9 14 . 4 6 . . . . . . . . . . Slashing 48 | . . . 4 . . . . . 1 . 2 . 5 17 1 18 . . . Piercing 5 | . . . . . . . . . . . . . . . . . 3 2 . Sneak Attacks 15 | . . . . . 1 1 . 1 . . . . . 3 . 7 . 2 . Combat Hostiles . | . . . . . . . . . . . . . . . . . . . . Follow-up Attacks . | . . . . . . . . . . . . . . . . . . . . Damage Inflicted 27139 | 204 520 230 2376 371 3256 3588 657 93 6091 . . . 627 2729 444 2852 133 138 2830 Guns 11434 | 203 472 166 2072 303 2885 3498 645 . 452 . . . . . . . . . 738 Cannons 2566 | . . . . . 198 . . . . . . . . 257 . 494 133 . 1484 Explosions 6996 | . 48 60 297 . . . . . 1227 . . . 627 2158 444 1575 . . 560 Melee 1631 | . . . . . 122 75 . 93 106 . . . . 314 . 783 . 138 . Ramming 159 | 1 . 4 7 68 51 15 12 . 1 . . . . . . . . . . Kinetic 6319 | . . . 1016 130 1762 692 645 . 452 . . . . 257 . 494 133 . 738 Thermal 7080 | 203 472 166 1056 173 1123 2806 . . . . . . . 600 . 481 . . . Explosive 4884 | . 48 60 297 . . . . . 814 . . . 569 1558 444 1094 . . . Electromagnetic 1229 | . . . . . 198 . . . 413 . . . 58 . . . . . 560 Impact 4749 | . . . . . 122 75 . 93 4411 . . . . . . . . . 48 Slashing 1097 | . . . . . . . . . . . . . . 314 . 783 . . . Piercing 138 | . . . . . . . . . . . . . . . . . . 138 . Entropic 1484 | . . . . . . . . . . . . . . . . . . . 1484 Highest Corruption 15 | . . . . . . . . 1 15 15 15 15 15 . 8 13 13 13 13 Average Corruption 7 | . . . . . . . . 1 5 15 15 15 15 . 8 10 13 13 1 Corruption Purged . | . . . . . . . . . . . . . . . . . . . . Corruption Blocked . | . . . . . . . . . . . . . . . . . . . . Effects 183 | . . . . . . . . . 69 13 7 1 20 . 2 39 20 5 7 Message Errors 36 | . . . . . . . . . 15 3 3 . 6 . . 5 2 1 1 Matter Fused 49 | . . . . . . . . . 23 5 3 . 5 . . 8 3 . 2 Heat Flow Errors 22 | . . . . . . . . . 7 2 1 . 2 . . 7 2 1 . Energy Discharges 28 | . . . . . . . . . 10 2 . . 3 . . 5 6 1 1 Parts Rejected 1 | . . . . . . . . . 1 . . . . . . . . . . Parts Fused 4 | . . . . . . . . . 1 . . . . . . 1 1 . 1 Data Loss (minor) 11 | . . . . . . . . . 3 . . . . . 1 5 . 2 . Data Loss (major) 13 | . . . . . . . . . 5 . . 1 1 . . 4 1 . 1 Misfires 5 | . . . . . . . . . 2 1 . . . . . 2 . . . Alerts 5 | . . . . . . . . . 1 . . . 1 . . . 2 . 1 Misdirections 3 | . . . . . . . . . . . . . 1 . . . 2 . . Weapon Failures 6 | . . . . . . . . . 1 . . . 1 . 1 2 1 . . Overload Shots . | . . . . . . . . . . . . . . . . . . . . Overflow Damage 2835 | . . . . . 100 15 . . 1853 . . . 123 263 . 339 . . 142 Projectiles 1874 | . . . . . . . . . 1732 . . . . . . . . . 142 Explosions 515 | . . . . . . . . . 69 . . . 123 199 . 124 . . . Melee 446 | . . . . . 100 15 . . 52 . . . . 64 . 215 . . . Knockbacks 24 | . . . . . 2 . 1 . 16 . . . . . . 3 . . 2 Impact 18 | . . . . . 1 . 1 . 15 . . . . . . . . . 1 Kinetic 3 | . . . . . . . . . . . . . . . . 3 . . . Secondary 3 | . . . . . 1 . . . 1 . . . . . . . . . 1 Self-Inflicted Damage 245 | . . . 16 . . . . . 101 . . . 62 . . 66 . . . Shots 9 | . . . 1 . . . . . 3 . . . 3 . . 2 . . . Rammed 24 | 1 . 1 3 5 6 4 3 . 1 . . . . . . . . . . Targets Rammed 25 | 1 . 1 3 5 7 4 3 . 1 . . . . . . . . . . Kicked . | . . . . . . . . . . . . . . . . . . . . Crushed 1 | . . . . . 1 . . . . . . . . . . . . . . Highest Temperature 353 | 150 153 180 203 162 69 100 70 . 264 152 163 . 257 4 5 255 151 164 353 Average Temperature 56 | 42 51 51 51 84 22 24 26 . 99 64 83 . 124 4 3 88 62 47 83 Received Heat Transfer 2863 | . 102 33 375 84 711 531 73 48 291 . . . 96 27 . 99 41 90 262 Effects 1 | . . . . . . . . . . . . . . . . . . . 1 Short Circuit 1 | . . . . . . . . . . . . . . . . . . . 1 Siege Activations . | . . . . . . . . . . . . . . . . . . . . Martial Activations . | . . . . . . . . . . . . . . . . . . . . Shielding Activations . | . . . . . . . . . . . . . . . . . . . . Robots Disrupted . | . . . . . . . . . . . . . . . . . . . . Combat Hostiles . | . . . . . . . . . . . . . . . . . . . . Robots Corrupted 19 | . . . . . 1 1 . . 17 . . . . . . . . . . Combat Hostiles 12 | . . . . . 1 . . . 11 . . . . . . . . . . Parts Fried 35 | . . . . . 3 2 . . 25 . . . . . . . . . 5 Impact Corruptions 49 | . . . . . 1 1 . . 47 . . . . . . . . . . Robots Melted 1 | . . . . . . 1 . . . . . . . . . . . . . Combat Hostiles 1 | . . . . . . 1 . . . . . . . . . . . . . Parts Melted 23 | 2 3 1 2 2 3 10 . . . . . . . . . . . . . Heat Transferred 14334 | 631 1301 434 2516 444 2358 5950 . . . . . . . 400 . 300 . . . Parts Sabotaged 6 | . . . . . . . . . . . . . . . . . . . 6 Parts Stolen . | . . . . . . . . . . . . . . . . . . . . Parts Stripped . | . . . . . . . . . . . . . . . . . . . . Power Chain Reactions . | . . . . . . . . . . . . . . . . . . . . Alert | -11 -10 -10 -9 -9 -8 -8 -8 -8 -6 -6 -6 -6 -5 -5 -5 -5 -5 -5 -5 ------- Run | Yrd Mat Min Mat Min Mat Sto Rec Scr Fac Low Low Dat Pro Fac Was Fac Upp Upp War Maximum Alert Level 4 | . . 1 2 . 2 2 . . 4 . . . . 2 1 2 . . . Low Security (%) 49 | 100 100 80 23 100 62 35 100 . 4 . . . . 20 46 22 . . . Level 1 30 | . . 19 57 . 37 57 . . 8 . . . . 70 53 55 . . . Level 2 15 | . . . 19 . . 6 . . 62 . . . . 8 . 21 . . . Level 3 1 | . . . . . . . . . 7 . . . . . . . . . . Level 4 3 | . . . . . . . . . 17 . . . . . . . . . . Level 5 . | . . . . . . . . . . . . . . . . . . . . High Security . | . . . . . . . . . . . . . . . . . . . . Max Security . | . . . . . . . . . . . . . . . . . . . . Peak Influence 1274 | 15 111 252 525 157 413 506 141 . 1274 . . . . 542 255 585 . . . Initial 189 | . . . 64 117 . 77 111 . . . . . . 44 189 101 . . . Average 251 | 1 26 74 293 32 149 251 43 . 646 . . . . 261 207 332 . . . Influence Increases 9960 | 45 346 384 1023 100 1130 1207 362 . 2223 . . . 150 924 86 962 50 105 863 Destroy 0b10 Robot/C 5260 | . 240 100 680 80 700 760 120 . 1380 . . . 100 180 . 300 20 . 600 Destroy 0b10 Robot/NC 505 | 45 15 5 60 . 65 60 20 . 105 . . . 10 55 . 65 . . . Destroy Leader 1056 | . 44 20 170 20 192 202 . . 302 . . . 10 36 . 60 . . . Allied During Kill 257 | . . 9 7 . . . 2 . 156 . . . . . . . . . 83 Successful Hack 256 | . 26 . 38 . 37 36 9 . 49 . . . . 19 . 42 . . . Select Force Hacks 210 | . . . . . . . 210 . . . . . . . . . . . . Disable Machine 690 | . . 195 15 . 15 60 . . 90 . . . . 240 . 75 . . . Destroy Structure 556 | . 6 40 23 . 16 29 1 . 51 . . . . 154 86 150 . . . Partial Spotted 30 | . . . . . . . . . 15 . . . . 15 . . . . . Lose Combat Pursuer 1140 | . 15 15 30 . 105 60 . . 75 . . . 30 225 . 270 30 105 180 Influence Decreases 9495 | 45 346 218 887 402 946 1105 648 . 949 633 203 438 80 452 483 528 431 108 593 Entered New Map 2474 | . . . 102 185 . 107 175 . . 473 123 438 . 26 353 44 215 38 195 Time Decay 5394 | 45 259 188 595 197 616 618 463 . 699 160 80 . 80 416 40 434 206 50 248 Lost Part 400 | . . 10 20 20 30 80 10 . 80 . . . . . . 50 10 20 70 Lost Ally 240 | . . 20 20 . . . . . 20 . . . . 10 90 . . . 80 Purge Threat 987 | . 87 . 150 . 300 300 . . 150 . . . . . . . . . . Squads Dispatched 55 | . 1 . 6 . 4 6 . . 21 . . . . 6 . 11 . . . Investigation 10 | . 1 . 2 . 1 . . . 3 . . . . 2 . 1 . . . Extermination 10 | . . . . . . . . . 5 . . . . 2 . 3 . . . Reinforcement 24 | . . . 2 . 3 3 . . 8 . . . . 2 . 6 . . . Assault 5 | . . . 2 . . . . . 2 . . . . . . 1 . . . Garrison 6 | . . . . . . 3 . . 3 . . . . . . . . . . Intercept . | . . . . . . . . . . . . . . . . . . . . Searches Triggered . | . . . . . . . . . . . . . . . . . . . . Data Miner Redirects 2 | . . . . . . . . . . . . . . 2 . . . . . Construction Impeded 3 | . . . . . . 1 . . 1 . . . . . . 1 . . . Haulers Reinforced 6 | . . . . . . . . . 3 . . . . 1 . 2 . . . Active Scanning Responses . | . . . . . . . . . . . . . . . . . . . . Cargo Convoy Interrupts . | . . . . . . . . . . . . . . . . . . . . Stealth | -11 -10 -10 -9 -9 -8 -8 -8 -8 -6 -6 -6 -6 -5 -5 -5 -5 -5 -5 -5 --------- Run | Yrd Mat Min Mat Min Mat Sto Rec Scr Fac Low Low Dat Pro Fac Was Fac Upp Upp War Distress Signals 23 | . 1 . 5 . 1 5 1 . 4 . . . . 2 . 4 . . . Communications Jammed 8 | . . . . . . . . . . . . . 2 6 . . . . . Distress Signals 2 | . . . . . . . . . . . . . . 2 . . . . . Times Spotted 477 | . 19 7 54 3 52 47 7 5 85 . . . 5 28 5 44 4 8 104 Peak Tracking Total 14 | . 3 3 8 2 5 4 2 5 10 . . . 2 5 4 10 2 7 14 Tactical Retreats 43 | . 1 1 2 . 5 4 . 1 3 . . . 2 7 . 6 2 3 6 Traps | -11 -10 -10 -9 -9 -8 -8 -8 -8 -6 -6 -6 -6 -5 -5 -5 -5 -5 -5 -5 ------- Run | Yrd Mat Min Mat Min Mat Sto Rec Scr Fac Low Low Dat Pro Fac Was Fac Upp Upp War Traps Triggered 25 | . 5 . 1 . 2 . . . 12 . . . . 2 . 3 . . . Indirectly . | . . . . . . . . . . . . . . . . . . . . Trap Hack Attempts . | . . . . . . . . . . . . . . . . . . . . Triggered . | . . . . . . . . . . . . . . . . . . . . Disarmed . | . . . . . . . . . . . . . . . . . . . . Reprogrammed 1 | . . . . . . . . . 1 . . . . . . . . . . Reused . | . . . . . . . . . . . . . . . . . . . . Traps Extracted . | . . . . . . . . . . . . . . . . . . . . Installed . | . . . . . . . . . . . . . . . . . . . . Triggered . | . . . . . . . . . . . . . . . . . . . . Most Traps Carried 2 | . . . . . . . . 2 2 . . . . . . . . . . Machines | -11 -10 -10 -9 -9 -8 -8 -8 -8 -6 -6 -6 -6 -5 -5 -5 -5 -5 -5 -5 ---------- Run | Yrd Mat Min Mat Min Mat Sto Rec Scr Fac Low Low Dat Pro Fac Was Fac Upp Upp War Machines Disabled 52 | . . 13 2 . 1 4 . 2 6 . . . . 16 . 5 1 . 2 Max in Single Turn 12 | . . 12 1 . 1 1 . 1 2 . . . . 6 . 2 1 . 1 Garrison Access 4 | . . . . . 1 . . . 3 . . . . . . . . . . Machines Repaired . | . . . . . . . . . . . . . . . . . . . . Machines Dismantled 1 | . . . . . . . . . . . . . . . . . . . 1 Machines Sabotaged . | . . . . . . . . . . . . . . . . . . . . Overloaded Fab Kills . | . . . . . . . . . . . . . . . . . . . . Hacking | -11 -10 -10 -9 -9 -8 -8 -8 -8 -6 -6 -6 -6 -5 -5 -5 -5 -5 -5 -5 --------- Run | Yrd Mat Min Mat Min Mat Sto Rec Scr Fac Low Low Dat Pro Fac Was Fac Upp Upp War Machines Accessed 107 | . 8 1 10 . 13 10 13 1 15 . . 4 . 16 . 13 . 1 2 Terminals 67 | . 8 1 8 . 10 9 6 . 6 . . . . 8 . 11 . . . Fabricators 3 | . . . . . . . . . 2 . . . . 1 . . . . . Repair Stations 1 | . . . 1 . . . . . . . . . . . . . . . . Recycling Units 11 | . . . . . . . 7 . 1 . . . . 2 . 1 . . . Scanalyzers 9 | . . . 1 . 2 . . . 3 . . . . 2 . 1 . . . Garrison Access 8 | . . . . . 1 1 . . 3 . . . . 3 . . . . . Total Hacks 284 | . 27 2 36 . 33 24 27 6 31 . . 30 . 32 . 29 . 1 6 Successful 162 | . 13 . 17 . 15 11 21 6 19 . . 30 . 11 . 12 . 1 6 Failed 120 | . 14 2 18 . 18 13 6 . 12 . . . . 21 . 16 . . . Catastrophic 24 | . . . 1 . 5 4 1 . 3 . . . . 5 . 5 . . . Database Lockouts 2 | . . . 1 . . . . . . . . . . . . 1 . . . Manual 137 | . 17 2 23 1 26 8 20 . 7 . . . . 15 . 18 . . . Terminals 186 | . 27 2 29 . 29 20 20 . 17 . . . . 16 . 26 . . . Fabricators 6 | . . . . . . . . . 4 . . . . 2 . . . . . Repair Stations 5 | . . . 5 . . . . . . . . . . . . . . . . Recycling Units 13 | . . . . . . . 7 . 1 . . . . 4 . 1 . . . Scanalyzers 16 | . . . 2 . 2 . . . 5 . . . . 5 . 2 . . . Garrison Access 15 | . . . . . 2 4 . . 4 . . . . 5 . . . . . Terminal Hacks 95 | . 7 . 8 . 6 10 5 6 8 . . 30 . 2 . 6 . 1 6 Record 12 | . . . 1 . . . . . . . . 11 . . . . . . . Part Schematic 14 | . . . . . . 1 1 . 1 . . 11 . . . . . . . Robot Schematic 5 | . . . . . . . . . . . . 5 . . . . . . . Robot Analysis 13 | . 3 . 1 . 2 . . 6 1 . . . . . . . . . . Prototype ID Bank 11 | . 1 . 1 . . . 1 . . . . 3 . . . . . . 5 Open Door 6 | . . . . . . 4 . . . . . . . . . . . 1 1 Branch Access Points 5 | . . . 1 . . . 1 . 1 . . . . 1 . 1 . . . Terminal Index 1 | . . . . . 1 . . . . . . . . . . . . . . Alert Level 1 | . 1 . . . . . . . . . . . . . . . . . . Unreport Threat 7 | . 1 . 1 . 2 2 . . 1 . . . . . . . . . . Locate Traps 1 | . . . 1 . . . . . . . . . . . . . . . . Reprogram Traps 1 | . . . . . . . . . 1 . . . . . . . . . . Dispatch Records 1 | . . . . . . . 1 . . . . . . . . . . . . Recall Assault 1 | . . . . . . . . . . . . . . . . 1 . . . Hauler Manifests 7 | . . . . . 1 2 . . 1 . . . . 1 . 2 . . . Registered Components 2 | . . . 1 . . . . . . . . . . . . 1 . . . Zone Layout 7 | . 1 . 1 . . 1 1 . 2 . . . . . . 1 . . . Fabricator Hacks 3 | . . . . . . . . . 2 . . . . 1 . . . . . Load Schematic 2 | . . . . . . . . . 1 . . . . 1 . . . . . Build 1 | . . . . . . . . . 1 . . . . . . . . . . Repair Station Hacks 3 | . . . 3 . . . . . . . . . . . . . . . . Scan Component 2 | . . . 2 . . . . . . . . . . . . . . . . Repair 1 | . . . 1 . . . . . . . . . . . . . . . . Recycling Unit Hacks 2 | . . . . . . . . . . . . . . 1 . 1 . . . Retrieve Matter 1 | . . . . . . . . . . . . . . . . 1 . . . Retrieve Components 1 | . . . . . . . . . . . . . . 1 . . . . . Scanalyzer 10 | . . . 1 . 2 . . . 4 . . . . 2 . 1 . . . Insert Component 2 | . . . . . . . . . 1 . . . . 1 . . . . . Analyze 2 | . . . . . . . . . 1 . . . . 1 . . . . . Retrieve Study 6 | . . . 1 . 2 . . . 2 . . . . . . 1 . . . Garrison Access Hacks 4 | . . . . . 1 . . . 3 . . . . . . . . . . Seal Access 4 | . . . . . 1 . . . 3 . . . . . . . . . . Unauthorized Hacks 45 | . 6 . 5 . 6 1 16 . 2 . . . . 5 . 4 . . . Terminals 34 | . 6 . 5 . 6 1 9 . . . . . . 3 . 4 . . . Assimilate 2 | . . . . . . . . . . . . . . 1 . 1 . . . Botnet 12 | . 1 . . . 1 1 4 . . . . . . 2 . 3 . . . Skim 20 | . 5 . 5 . 5 . 5 . . . . . . . . . . . . Fabricators 2 | . . . . . . . . . 1 . . . . 1 . . . . . Haulers 1 | . . . . . . . . . 1 . . . . . . . . . . Recompile 1 | . . . . . . . . . . . . . . 1 . . . . . Repair Stations . | . . . . . . . . . . . . . . . . . . . . Recycling Units 9 | . . . . . . . 7 . 1 . . . . 1 . . . . . Tunnel 7 | . . . . . . . 7 . . . . . . . . . . . . Fedlink 2 | . . . . . . . . . 1 . . . . 1 . . . . . Scanalyzers . | . . . . . . . . . . . . . . . . . . . . Garrison Access . | . . . . . . . . . . . . . . . . . . . . Data Cores Recovered . | . . . . . . . . . . . . . . . . . . . . Used . | . . . . . . . . . . . . . . . . . . . . Hacking Detections 76 | . 8 1 10 1 10 8 4 . 12 . . . . 12 . 10 . . . Full Trace Events 5 | . . . 1 . 1 . . . 2 . . . . . . 1 . . . Feedback Events . | . . . . . . . . . . . . . . . . . . . . Feedback Blocked 1 | . . . . . . . . . . . . . . . . 1 . . . Robot Schematics Acquired 5 | . . . . . . . . . . . . 5 . . . . . . . Robots Built . | . . . . . . . . . . . . . . . . . . . . Authchips . | . . . . . . . . . . . . . . . . . . . . Time . | . . . . . . . . . . . . . . . . . . . . Total Robot Build Rating . | . . . . . . . . . . . . . . . . . . . . Part Schematics Acquired 53 | . . . . . . 1 1 . 22 . 1 11 4 8 2 3 . . . Parts Built 2 | . . . . . . . . . 2 . . . . . . . . . . Authchips . | . . . . . . . . . . . . . . . . . . . . Time 95 | . . . . . . . . . 95 . . . . . . . . . . Total Part Build Rating 10 | . . . . . . . . . 10 . . . . . . . . . . Part Studies Acquired 6 | . . . 1 . 2 . . . 2 . . . . . . 1 . . . Parts Repaired 1 | . . . 1 . . . . . . . . . . . . . . . . Time 26 | . . . 26 . . . . . . . . . . . . . . . . Parts Recycled . | . . . . . . . . . . . . . . . . . . . . Recycled Matter . | . . . . . . . . . . . . . . . . . . . . Retrieved Matter . | . . . . . . . . . . . . . . . . . . . . Retrieved Components 1 | . . . . . . . . . . . . . . 1 . . . . . Parts Scanalyzed 2 | . . . . . . . . . 1 . . . . 1 . . . . . Part Schematics Acquired 2 | . . . . . . . . . 1 . . . . 1 . . . . . Parts Damaged . | . . . . . . . . . . . . . . . . . . . . Bothacking | -11 -10 -10 -9 -9 -8 -8 -8 -8 -6 -6 -6 -6 -5 -5 -5 -5 -5 -5 -5 ------------ Run | Yrd Mat Min Mat Min Mat Sto Rec Scr Fac Low Low Dat Pro Fac Was Fac Upp Upp War Used RIF Installer . | . . . . . . . . . . . . . . . . . . . . Robots Hacked . | . . . . . . . . . . . . . . . . . . . . Non-combat . | . . . . . . . . . . . . . . . . . . . . Combat . | . . . . . . . . . . . . . . . . . . . . Robot Hacks Applied . | . . . . . . . . . . . . . . . . . . . . Relay Couplers Released 3 | . . . . . . . . . 3 . . . . . . . . . . Programmers 3 | . . . . . . . . . 3 . . . . . . . . . . Fabnet Peak Effective % . | . . . . . . . . . . . . . . . . . . . . Robots Rewired 7 | . . . . . . . 2 . . . . . . . . . . . 5 Allies Hacked . | . . . . . . . . . . . . . . . . . . . . Hacks Repelled . | . . . . . . . . . . . . . . . . . . . . Allies | -11 -10 -10 -9 -9 -8 -8 -8 -8 -6 -6 -6 -6 -5 -5 -5 -5 -5 -5 -5 -------- Run | Yrd Mat Min Mat Min Mat Sto Rec Scr Fac Low Low Dat Pro Fac Was Fac Upp Upp War Total Allies 32 | . . 3 . . . . 2 1 . . . . . 1 19 1 . . 5 Largest Group 19 | . . 3 2 . . . 2 2 1 . . . . 1 19 . . . 5 Highest-Rated Group 684 | . . 40 32 . . . 36 119 86 . . . . 10 684 . . . 294 Highest-Rated Ally 92 | . . 16 16 . . . 27 92 86 . . . . 10 50 . . . 68 Total Orders 9 | . . . . . . . . 5 1 . . . . . . . . . 3 STAY 4 | . . . . . . . . 3 . . . . . . . . . . 1 FOLLOW 1 | . . . . . . . . 1 . . . . . . . . . . . AID 3 | . . . . . . . . 1 . . . . . . . . . . 2 EXPLORE 1 | . . . . . . . . . 1 . . . . . . . . . . Ally Attacks 272 | . . 14 12 . . . . 9 93 . . . . . 91 . . . 53 Total Damage 9775 | . . 136 163 . . . . 483 4464 . . . . . 2550 . . . 1979 Kills 71 | . . 3 4 . . . . 7 44 . . . . . 4 . . . 9 Allies Corrupted 1 | . . . . . . . . . 1 . . . . . . . . . . Allies Melted . | . . . . . . . . . . . . . . . . . . . . Intel | -11 -10 -10 -9 -9 -8 -8 -8 -8 -6 -6 -6 -6 -5 -5 -5 -5 -5 -5 -5 ------- Run | Yrd Mat Min Mat Min Mat Sto Rec Scr Fac Low Low Dat Pro Fac Was Fac Upp Upp War Active Infowar (turns) 15640 | 157 1255 1358 1895 14 3248 2115 1529 560 653 337 160 49 382 1003 80 572 158 . 115 Sensors 2916 | . . 2 . . . . . . 407 337 160 49 382 1003 80 496 . . . Seismic 12249 | 157 1255 1356 1895 14 3248 2115 1529 560 120 . . . . . . . . . . Jamming 2835 | . . . . . . . . . 320 337 160 49 382 1003 80 231 158 . 115 Robot Analysis Total 13 | . 3 . 1 . 2 . . 6 1 . . . . . . . . . . Derelict Logs Recovered 7 | . . 2 . 1 . . . . . 1 . . 2 . . . 1 . . Drone Launches 1 | . . . . . . . . . 1 . . . . . . . . . . Drone Recoveries . | . . . . . . . . . . . . . . . . . . . . Exploration | -11 -10 -10 -9 -9 -8 -8 -8 -8 -6 -6 -6 -6 -5 -5 -5 -5 -5 -5 -5 ------------- Run | Yrd Mat Min Mat Min Mat Sto Rec Scr Fac Low Low Dat Pro Fac Was Fac Upp Upp War Turns Passed 26222 | 240 1255 1358 1895 852 3249 2115 1529 5801 3165 337 160 49 382 1003 80 1066 427 116 1143 Spaces Moved 16263 | 109 475 539 789 502 1163 627 595 2469 2290 505 285 88 491 1571 111 1545 686 201 1222 Core 6 | 4 . . . . . . . . . . . . . . . . . . 2 Treads 6723 | 105 475 539 789 502 1163 621 595 1934 . . . . . . . . . . . Legs 6 | . . . . . . 6 . . . . . . . . . . . . . Wheels 2679 | . . . . . . . . 535 2144 . . . . . . . . . . Hover 6849 | . . . . . . . . . 146 505 285 88 491 1571 111 1545 686 201 1220 Flight . | . . . . . . . . . . . . . . . . . . . . Fastest Speed 40 | 50 160 240 160 160 160 240 240 110 109 54 54 54 40 40 56 56 51 49 49 Average Speed 136 | 157 199 240 160 160 235 249 240 213 119 65 54 54 63 53 56 56 52 51 69 Slowest Speed 950 | 160 320 240 160 160 240 330 240 320 175 111 54 54 129 56 56 56 56 56 950 Overloaded Moves 2 | . . . . . . . . . . . . . 1 1 . . . . . Propulsion Burnouts . | . . . . . . . . . . . . . . . . . . . . Robots Hopped . | . . . . . . . . . . . . . . . . . . . . Potential Cave-ins 2 | . . . . . . . . . . . . . . . . 2 . . . Cave-ins Triggered . | . . . . . . . . . . . . . . . . . . . . Exploration Rate (%) 72 | 9 94 99 87 99 89 96 99 88 66 79 47 68 70 42 80 43 63 45 86 Regions Visited 19 Branch Regions 12 Pre-discovered Areas 21 | . 4 . 1 . 3 . 9 . . 1 . 1 1 1 . . . . . Known Exits Taken 15 | . 1 1 1 . 1 1 1 1 1 1 1 1 1 . . 1 1 1 . Unknown Exits Taken 2 | 1 . . . 1 . . . . . . . . . . . . . . . Scrap Searched 23 | . . 2 . 1 . . . 7 . 3 3 . 2 . . . 2 3 . Spaces Dug 101 | . . . 10 . 6 8 . 2 5 . . . 39 9 1 16 5 . . Terrain Destroyed 446 | . 6 42 25 . 6 16 . 2 50 . . . 54 76 46 79 5 . 39 Melee 43 | . . . 3 . 6 8 . 2 2 . . . 4 9 1 5 3 . . Projectile 54 | . . . . . . . . . 14 . . . . 3 . 4 1 . 32 AOE 348 | . 6 42 22 . . 8 . . 34 . . . 50 64 45 70 . . 7 Terrain Rammed . | . . . . . . . . . . . . . . . . . . . . Walls Destroyed . | . . . . . . . . . . . . . . . . . . . . Machines Disabled . | . . . . . . . . . . . . . . . . . . . . Actions | -11 -10 -10 -9 -9 -8 -8 -8 -8 -6 -6 -6 -6 -5 -5 -5 -5 -5 -5 -5 --------- Run | Yrd Mat Min Mat Min Mat Sto Rec Scr Fac Low Low Dat Pro Fac Was Fac Upp Upp War Total 19154 | 140 728 573 1234 522 1448 972 664 2996 2599 507 287 89 536 1699 123 1667 723 210 1437 Wait 1313 | . 197 1 272 . 41 162 7 455 60 . . . 17 40 . 6 . . 55 Move 16245 | 108 474 538 788 501 1162 626 594 2468 2289 504 284 87 490 1571 110 1544 685 200 1222 Hop . | . . . . . . . . . . . . . . . . . . . . Pick Up 153 | 7 12 7 10 1 24 13 1 24 22 . . . 2 11 . 8 2 2 7 Fast Attach 102 | 7 6 . 7 1 12 12 . 5 13 . . 1 . 8 2 8 5 3 12 Attach 59 | . 2 1 2 1 5 4 1 . 15 . . . 3 7 1 10 1 1 5 Detach 31 | . . . . . 1 1 . 3 6 . . . . 4 3 4 1 1 7 Swap 125 | . 4 6 20 . 33 20 1 5 16 3 1 . 7 2 . . 1 . 6 Drop 217 | . 4 1 26 . 42 26 1 32 30 . . 1 1 17 2 13 3 1 17 Fire 699 | 17 29 18 98 13 112 90 24 . 120 . . . 11 22 4 56 22 . 63 Melee 90 | . . . 8 . 9 14 . 4 7 . 2 . 5 17 1 18 3 2 . Ram . | . . . . . . . . . . . . . . . . . . . . Kick . | . . . . . . . . . . . . . . . . . . . . Crush 25 | 1 . 1 3 5 7 4 3 . 1 . . . . . . . . . . Escape Stasis 20 | . . . . . . . . . 20 . . . . . . . . . . Rewire 66 | . . . . . . . 32 . . . . . . . . . . . 34 Trap . | . . . . . . . . . . . . . . . . . . . . Miscellaneous 9 | . . . . . . . . . . . . . . . . . . . 9 Route ------- -11/Scrapyard -10/Materials (discovered 6 exits: *Mat x3 / *Min x2 / Sub) -10/Mines (discovered 4 exits: *Mat x2 / [*Exi] / *Sub) -9/Materials (discovered 5 exits: *Mat x3 / *Min x2) -9/Mines (discovered 3 exits: *Mat x2 / [*Zio]) -8/Materials (discovered 5 exits: *Fac x3 / *Sto x2) -8/Storage (discovered 2 exits: *Fac / *Rec) -8/Recycling (discovered 2 exits: *Fac / *Scr) -8/Scraptown (discovered 2 exits: *Fac x2) -6/Factory (discovered 5 exits: *Fac x3 / *Low x2) -6/Lower Caves -6/Lower Caves -6/Data Miner -5/Proximity Caves -5/Factory (discovered 4 exits: *Fac x2 / *Upp x2) -5/Waste -5/Factory (discovered 3 exits: *Fac / *Upp x2) -5/Upper Caves -5/Upper Caves -5/Warlord History --------- Turn | Location | Event 5 | -11/Scrapyard | Discovered new exit (range 15) 241 | -11/Scrapyard | Entered Materials 303 | -10/Materials | Build established: Mutant 452 | -10/Materials | Discovered new exit (range 10) 616 | -10/Materials | Discovered new exit (range 5) 691 | -10/Materials | Discovered new exit (range 15) 835 | -10/Materials | Discovered new exit (range 10) 1097 | -10/Materials | Discovered new exit (range 8) 1101 | -10/Materials | Learned location of Storage (-8) 1166 | -10/Materials | Identified exit to Mines 1166 | -10/Materials | Identified exit to Materials 1166 | -10/Materials | Identified exit to Subcaves 1222 | -10/Materials | Loaded intel: 1 repair station location 1268 | -10/Materials | Learned location of Recycling (-8) 1304 | -10/Materials | Learned Recycling recycling unit intel 1383 | -10/Materials | Learned location of 1 exit from Recycling 1496 | -10/Materials | Entered Mines 1551 | -10/Mines | Discovered exit to Materials (range 15) 1685 | -10/Mines | Received a Rocket Launcher from a helpful Derelict 1710 | -10/Mines | Deemed a non-threat by the Exiles lab entrance 1712 | -10/Mines | Discovered new exit (range 5) 2003 | -10/Mines | Joined a pair of Derelicts in attacking an 0b10 outpost 2187 | -10/Mines | Assisted by bots powering up and referring to "LRC-V3" 2194 | -10/Mines | Discovered exit to Materials (range 10) 2586 | -10/Mines | Found a damaged Exp. Sensor Array with a note attached 2590 | -10/Mines | Found Prototype Device 2591 | -10/Mines | Identified Exp. Sensor Array 2766 | -10/Mines | Build established: Scavenger-Mutant 2854 | -10/Mines | Entered Materials 2854 | -9/Materials | Accompanied by 2 allies 2854 | -9/Materials | Evolved 2 slots: Propulsion x1, Utility x1 3058 | -9/Materials | Discovered new exit (range 15) 3160 | -9/Materials | Discovered new exit (range 15) 3361 | -9/Materials | Destroyed 9 combat bots 3442 | -9/Materials | Repaired Lgt. Treads 3524 | -9/Materials | Discovered new exit (range 14) 3722 | -9/Materials | Central database locked down 3936 | -9/Materials | Identified exit to Mines 3944 | -9/Materials | Discovered new exit (range 14) 4324 | -9/Materials | Learned location of 1 exit from Storage 4396 | -9/Materials | Discovered new exit (range 16) 4454 | -9/Materials | First assault squad dispatched 4513 | -9/Materials | Learned location of 1 exit from Storage 4583 | -9/Materials | Learned location of 2 exits from Materials 4601 | -9/Materials | Loaded intel: 12 terminal locations 4714 | -9/Materials | Loaded intel: 9 trap records 4749 | -9/Materials | Entered Mines 4803 | -9/Mines | Discovered new exit (range 15) 4997 | -9/Mines | A Derelict revealed a hidden shortcut to a safe place 5423 | -9/Mines | Discovered new exit (range 6) 5601 | -9/Mines | Entered Materials 5601 | -8/Materials | Evolved 2 slots: Propulsion x1, Utility x1 5602 | -8/Materials | Identified exit to Factory 5603 | -8/Materials | Identified exit to Storage 5773 | -8/Materials | Discovered exit to Storage (range 14) 7007 | -8/Materials | Found Prototype Launcher 7007 | -8/Materials | Identified Rocket Array 7088 | -8/Materials | Discovered exit to Factory (range 13) 8268 | -8/Materials | Learned Factory emergency access door positions 8326 | -8/Materials | Learned location of Extension (-4) 8414 | -8/Materials | Learned Storage emergency access door positions 8463 | -8/Materials | Learned 2 Lower Caves zone layouts 8494 | -8/Materials | Learned location of 1 exit from Recycling 8537 | -8/Materials | Learned Storage trap positions 8850 | -8/Materials | Entered Storage 8851 | -8/Storage | Identified exit to Recycling 8852 | -8/Storage | Loaded intel: 13 trap records 9041 | -8/Storage | Garrison activated, responded to threat 10557 | -8/Storage | Destroyed 7 combat bots 10956 | -8/Storage | Used back door to open Recycling access 10965 | -8/Storage | Entered Recycling 10966 | -8/Recycling | Identified exit to Factory 10967 | -8/Recycling | Identified exit to Scraptown 10968 | -8/Recycling | Loaded intel: 7 recycling unit locations 12001 | -8/Recycling | Core integrity fell below 50% 12157 | -8/Recycling | Learned Storage emergency access door positions 12207 | -8/Recycling | Learned 4 Factory zone layouts 12246 | -8/Recycling | Learned location of 1 exit from Recycling 12315 | -8/Recycling | Learned location of Lower Caves (-6) 12362 | -8/Recycling | Learned location of Zion (-7) 12417 | -8/Recycling | Learned 2 Lower Caves zone layouts 12431 | -8/Recycling | Scanned before Scraplab entrance 12467 | -8/Recycling | Entered Scraplab 12494 | -8/Recycling | Entered Scraptown 12494 | -8/Scraptown | Accompanied by 2 allies 13104 | -8/Scraptown | Visited Fellowship of the Rings 13191 | -8/Scraptown | Visited Cyclists 13529 | -8/Scraptown | Visited Observation Area 13687 | -8/Scraptown | Visited CPS Storage 13718 | -8/Scraptown | Visited Shadow of the Wyrm 13733 | -8/Scraptown | Visited Assassins FH 13793 | -8/Scraptown | Visited UFD Registry 13793 | -8/Scraptown | Registered with UFD as "Prototail" 13869 | -8/Scraptown | Visited Junk Cannon Lab 13883 | -8/Scraptown | Found Prototype Special Weapon 13883 | -8/Scraptown | Identified Junk Cannon 13940 | -8/Scraptown | Visited Chapter 10 13981 | -8/Scraptown | Visited Analyses Database 14036 | -8/Scraptown | Visited Modified Component R&D 14108 | -8/Scraptown | Visited Research Penetration Think Tank 14159 | -8/Scraptown | Visited DA-N13 Charitable Foundation 14185 | -8/Scraptown | Found DCF Scrap (31 items) 14228 | -8/Scraptown | Visited Science Guys 14257 | -8/Scraptown | Visited Botcube Research 14327 | -8/Scraptown | Visited Derelict Rescue Squad 14901 | -8/Scraptown | Found Lrg. Botcube 15461 | -8/Scraptown | Found Scrap Suit 16911 | -8/Scraptown | Lrg. Botcube activated 16947 | -8/Scraptown | Lrg. Botcube completed mutation into treaded form, armed with 4 guns. 16982 | -8/Scraptown | Found DRS Beacon 17223 | -8/Scraptown | Found Scrap Suit 17529 | -8/Scraptown | Build established: Scavenger-Scrapper 17808 | -8/Scraptown | Met Optimus 17808 | -8/Scraptown | Accepted into 0bPrime 17837 | -8/Scraptown | Build established: Scrapper 18208 | -8/Scraptown | Civil war broke out across Scraptown 18213 | -8/Scraptown | Found Prototype Special Weapon 18295 | -8/Scraptown | Entered Factory 18295 | -6/Factory | Accompanied by 1 ally 18295 | -6/Factory | Evolved 4 slots: Power x1, Propulsion x1, Utility x2 18296 | -6/Factory | Identified exit to Factory 18297 | -6/Factory | Attached CPS modules to *Walking Machine gun. 18304 | -6/Factory | Lost 11 allies 18304 | -6/Factory | Identified Voltaic Drivehammer 18333 | -6/Factory | Garrison activated, responded to threat 18381 | -6/Factory | Tech Extrapolator generated special schematic: Deep Structural Scanner 18487 | -6/Factory | Identified exit to Lower Caves 18499 | -6/Factory | Found Prototype Processor 18499 | -6/Factory | Identified Exp. Targeting Computer 18618 | -6/Factory | Build established: Scavenger-Mutant 18712 | -6/Factory | Garrison activated, responded to threat 18807 | -6/Factory | Discovered exit to Factory (range 7) 18890 | -6/Factory | Fabricated Cmb. Airjet? 19153 | -6/Factory | Loaded intel: 8 recycling unit locations 19217 | -6/Factory | Discovered exit to Factory (range 16) 19809 | -6/Factory | Tech Extrapolator generated special schematic: Energy Deflector 19828 | -6/Factory | Build established: Mutant 20079 | -6/Factory | Tech Extrapolator generated special schematic: Machine Rigger 20099 | -6/Factory | Garrison activated, responded to threat 20745 | -6/Factory | First assault squad dispatched 20858 | -6/Factory | Found Lrg. Botcube 20917 | -6/Factory | Destroyed 7 combat bots 21123 | -6/Factory | System corruption reached 10% 21460 | -6/Factory | Entered Lower Caves 21786 | -6/Lower Caves | Discovered new exit (range 10) 21791 | -6/Lower Caves | Identified exit to Lower Caves 21797 | -6/Lower Caves | Entered another Lower Caves area 21949 | -6/Lower Caves | Discovered new exit (range 16) 21957 | -6/Lower Caves | Identified exit to Data Miner 21957 | -6/Lower Caves | Entered Data Miner 21958 | -6/Data Miner | Discovered new exit (range 6) 21968 | -6/Data Miner | Met Data Miner 21982 | -6/Data Miner | Learned location of Section 7 (-2) 21982 | -6/Data Miner | Acquired the access code to Warlord's prototype stash 21986 | -6/Data Miner | Received God Mode back door access code from Data Miner 22006 | -6/Data Miner | Identified exit to Proximity Caves 22006 | -6/Data Miner | Entered Proximity Caves 22045 | -5/Proximity Caves | Attracted the attention of an 0b10 outpost 22056 | -5/Proximity Caves | Spotted B-75 Beast 22102 | -5/Proximity Caves | Core integrity fell below 50% 22173 | -5/Proximity Caves | Learned location of 1 exit from Factory 22252 | -5/Proximity Caves | Attracted the attention of an 0b10 checkpoint 22381 | -5/Proximity Caves | Discovered exit to Factory (range 14) 22388 | -5/Proximity Caves | Entered Factory 22388 | -5/Factory | Evolved 2 slots: Propulsion x1, Utility x1 22389 | -5/Factory | Identified exit to Upper Caves 22546 | -5/Factory | Discovered new exit (range 13) 22551 | -5/Factory | Identified exit to Factory 22580 | -5/Factory | Discovered exit to Factory (range 15) 22891 | -5/Factory | Loaded intel: 8 recycling unit locations 22891 | -5/Factory | Learned location of Protoforge (-2) 22913 | -5/Factory | Incoming investigation squad redirected 23042 | -5/Factory | Incoming investigation squad redirected 23391 | -5/Factory | Sucked down chute 23391 | -5/Factory | Entered Waste 23399 | -5/Waste | Spotted C-40 Crusher 23406 | -5/Waste | EMP discharged 23413 | -5/Waste | Met Warlord forces unprepared to attack 23422 | -5/Waste | Allies destroyed C-40 Crusher 23443 | -5/Waste | Spotted C-40 Crusher 23444 | -5/Waste | Spotted C-40 Crusher 23448 | -5/Waste | Spotted C-40 Crusher 23448 | -5/Waste | Spotted C-40 Crusher 23462 | -5/Waste | Discovered new exit (range 15) 23470 | -5/Waste | Identified exit to Factory 23471 | -5/Waste | Entered Factory 23491 | -5/Factory | Lost 5 allies 23493 | -5/Factory | Central database locked down 23692 | -5/Factory | Discovered exit to Factory (range 16) 24136 | -5/Factory | System corruption reached 10% 24213 | -5/Factory | Build established: Hacker-Mutant 24371 | -5/Factory | First assault squad dispatched 24537 | -5/Factory | Entered Upper Caves 24617 | -5/Upper Caves | Spotted B-75 Beast 24673 | -5/Upper Caves | Attacked by a delusional Derelict stockpiling parts 24937 | -5/Upper Caves | Learned Factory garrison access intel 24947 | -5/Upper Caves | Discovered new exit (range 11) 24952 | -5/Upper Caves | Identified exit to Upper Caves 24964 | -5/Upper Caves | Entered another Upper Caves area 25079 | -5/Upper Caves | Discovered new exit (range 4) 25080 | -5/Upper Caves | Identified exit to Warlord 25080 | -5/Upper Caves | Entered Warlord 25099 | -5/Warlord | System corruption cleaned by Quarantine Array 25386 | -5/Warlord | Found Prototype Device 25386 | -5/Warlord | Identified System Purifier 25397 | -5/Warlord | Found Prototype Reactor 25416 | -5/Warlord | Warlord's base attacked by MAIN.C 25442 | -5/Warlord | Build established: Commander-Mutant 25508 | -5/Warlord | Found Prototype Energy Cannon 25508 | -5/Warlord | Identified Vortex Driver 25561 | -5/Warlord | Spotted B-86 Titan 25563 | -5/Warlord | Allies destroyed B-86 Titan 25675 | -5/Warlord | Warlord forces counterattacked 25682 | -5/Warlord | Lost 3 allies 25767 | -5/Warlord | Lost 5 allies 25801 | -5/Warlord | Spotted Executioner 25838 | -5/Warlord | Lost 5 allies 25841 | -5/Warlord | Spotted Striker 25842 | -5/Warlord | Spotted Striker 25880 | -5/Warlord | Identified Vortex Chain Reactor 25883 | -5/Warlord | Spotted Executioner 25884 | -5/Warlord | Spotted Executioner 25910 | -5/Warlord | Lost 8 allies 25921 | -5/Warlord | Build established: Hacker-Mutant 25941 | -5/Warlord | Found Prototype Processor 25941 | -5/Warlord | Identified Exp. Core Analyzer 25983 | -5/Warlord | Spotted Striker 26058 | -5/Warlord | Spotted Striker 26067 | -5/Warlord | Spotted Executioner 26086 | -5/Warlord | Spotted Executioner 26091 | -5/Warlord | Warlord base infiltrated, sounded retreat 26097 | -5/Warlord | Destroyed Executioner 26118 | -5/Warlord | Lost 7 allies 26194 | -5/Warlord | Spotted Striker 26210 | -5/Warlord | Spotted Executioner 26213 | -5/Warlord | Spotted Executioner 26217 | -5/Warlord | Core integrity fell below 50% 26221 | -5/Warlord | Core integrity fell below 20% 26223 | -5/Warlord | Destroyed by Executioner with Helical Railgun Last Messages --------------- 26206_ E-15 Imp destroyed. 26208_ Cmb. Airjet+ destroyed. 26210_ Slug penetrates Wall. 26210_ Penetrated by Slug. 26210_ G-67 Veteran suffers critical hit (Burn). 26210_ System Shield destroyed. 26211_ Slug penetrates Wall. 26211_ Penetrated by Slug. 26211_ Slug penetrates Decryption Engine. 26214_ System corrupted: Matter fused (-8). 26216_ ANNOUNCEMENT: Detected 2 Grunt squads, 1 Melee squad, 1 Programmer squad, with prototype support. 26217_ G-67 Veteran destroyed. 26217_ Vortex Chain Reactor destroyed. 26218_ Penetrated by Slug. 26219_ Dropped Lrg. Botcube. 26220_ Penetrated by Slug. 26221_ Slug penetrates Decryption Engine. 26223_ Penetrated by Slug. Map ----- +----------------------------------------------------+ | ######### + #?????????????????? | | ## #?????????????????? | | ## #?????????????????? | | ######## ###+#####?????????????????? | | ######?# "" #????????????????????? | | """""#?# "" ##?????""????????????? | | """"#?# ^ #????#""#???????????? | | """"#?# """ ####??#""#???????????? | | ]""" #?# ### "" # % ####""########?###? | | #?# #?#^^^ "" # ! " ""=[**[""#[""## | | " #?# #?# ^ # !== " %%""/[!*[[ !=% | | """#?# #?# ^^ " [%= *!*%"=%%!%=%==%=[" | | X""""#?# #?# % /!*% !=!%=/!|*=!=!=*[[] | | """#?# ??# !%!=! %==!%!%%%%]%/*!%%% | | """""#?# ??# !%!%!%= Egh%=%!!=%%=%[%*!%= | | ####???# ??# !%=*] %Eg*=[=[[=%%*%!%!=[== | | ???????#+#####+###+##;%%!%%!hg%=*[%==%![|%%%=!=[! | | ##?????# #?# [%*!!%[ ==]!!=*!==*[ "" | | #?????# ### %==%[= =""=!!=*!##"""## | | #?????# ##";##*gs=% ""#""##[####?####? | | #?????# #;##; !sg|= ###""#?##????????? | | #?????# + * !!% #???#""#???????????? | | #?????# # =%!###???#""#???????????? | | #?????# # " ==%! #???#""#???????????? | | ############+####### " %=[=#???????????????????? | | # ##### """@=K[##??????????????????? | | #^ "" =%#=#??????????????????? | | + %=%; #??????????????????? | | # # #??????????????????? | | """ """ # ##+#####;; [; #??????????????????? | | """ """ ## ## #;= [;#######????????????? | | """ """ ## ## #;%= + ""#????????????? | | ? ## ## #;[[%[ # "#????????????? | | ?########## ## * # X#????????????? | | ?????????## ## ;; # "#????????????? | | ??######## # #; ######????????????? | | ??#"""""## " # #?????????????????? | | ??#"""""## + ## #?????????????????? | | ??#"" " # # ## #?????????????????? | | ??#""" + ########### ^ #?????????????????? | | ??#"" " #######?????????#^ ^ #?????????????????? | | ??#"""""##??????????????###"####?????????????????? | | ??#"""""#???????????????# #?????????????????? | | ??#######???????????????# #?????????????????? | | ????????????????????????# """ #?????????????????? | | ????????????????????????# """ #?????????????????? | | ????????????????????????# """ #?????????????????? | | ????????????????????????# #?????????????????? | | ????????????????????????########?????????????????? | | ?????????????????????????????????????????????????? | +----------------------------------------------------+ Best States ------------- Heat Dissipation 58 Energy Generation 55 Energy Capacity 700 Matter Stores 300 Matter Capacity 300 Sight Range 16 Robot Scan Range 20 Terrain Scan Density 10 Jamming Range 12 Armor Coverage 300 Propulsion Shielding 66 Evasion (%) 55 Core Analysis 8 Recoil Reduction 4 Offensive Hacking 24 Defensive Hacking 10 Authchip Count 1 Item Schematics ----------------- Hacking Suite | -8/Storage | Hacked Lightning Gun | -8/Recycling | Hacked Deep Structural Scanner | -6/Factory | Extrapolated Cmb. Airjet | -6/Factory | Scanalyzed Mak. Light Armor Plating | -6/Factory | Extrapolated Mak. Power Source | -6/Factory | Extrapolated Mak. Coolant Network | -6/Factory | Extrapolated Beamcaster | -6/Factory | Extrapolated Mak. Terrain Scan Processor | -6/Factory | Extrapolated Weapon Mount | -6/Factory | Hacked Mak. Terrain Scanner | -6/Factory | Extrapolated Energy Deflector | -6/Factory | Extrapolated Mak. System Shield | -6/Factory | Extrapolated Machine Rigger | -6/Factory | Extrapolated Multitool | -6/Factory | Extrapolated 0b10 Decoder Chip [Generic] | -6/Factory | Extrapolated 0b10 Decoder Chip [Scout] | -6/Factory | Extrapolated 0b10 Decoder Chip [Skirmisher] | -6/Factory | Extrapolated Mak. Core Shielding | -6/Factory | Extrapolated Mak. Axe | -6/Factory | Extrapolated Mak. Targeting Computer | -6/Factory | Extrapolated Mak. Medium Armor Plating | -6/Factory | Extrapolated Mak. Ablative Armor | -6/Factory | Extrapolated Ripper | -6/Factory | Extrapolated Plasma Flamer | -6/Lower Caves | Extrapolated Combat Drone Bay | -6/Data Miner | Free Lgt. Regenerative Plating | -6/Data Miner | Free Cld. Nuclear Pulse Thruster | -6/Data Miner | Free Prc. Matter Filter | -6/Data Miner | Free Imp. KE Penetrator | -6/Data Miner | Free Imp. Force Field | -6/Data Miner | Free Imp. Linear Gravjet | -6/Data Miner | Free Hardcell Cannon | -6/Data Miner | Free Adv. Recoil Stabilizer | -6/Data Miner | Free Hyp. Mass Driver | -6/Data Miner | Free Adv. Component Analysis Suite | -6/Data Miner | Free Mak. Heavy Armor Plating | -5/Proximity Caves | Extrapolated Mak. Thermal Plating | -5/Proximity Caves | Extrapolated Spk. Treads | -5/Proximity Caves | Extrapolated Spk. Medium Treads | -5/Proximity Caves | Extrapolated Multireflex Exoskeleton | -5/Factory | Extrapolated Tactical Coordination Suite | -5/Factory | Extrapolated Mak. Kinetic Plating | -5/Factory | Extrapolated Mak. Hover Unit | -5/Factory | Extrapolated Mapping Drone Bay | -5/Factory | Extrapolated Cld. Airjet | -5/Factory | Scanalyzed Slug Cannon | -5/Factory | Extrapolated Mak. Transmission Jammer | -5/Factory | Extrapolated Spk. Heavy Treads | -5/Waste | Extrapolated Mak. Laser | -5/Waste | Extrapolated Bore Cannon | -5/Factory | Extrapolated Mak. System Restoration Module | -5/Factory | Extrapolated Mak. Hacking Suite | -5/Factory | Extrapolated Robot Schematics ------------------ B-48 Gladiator | -6/Data Miner | Free S-27 Virus | -6/Data Miner | Free Y-64 Sentinel | -6/Data Miner | Free R-10 Processor | -6/Data Miner | Free X-77 Beamer | -6/Data Miner | Free Fabricated ------------ Cmb. Airjet | x2 | -6/Factory Repaired ---------- Lgt. Treads | 47% | -9/Materials Studied --------- Lgt. EM Pulse Cannon | -9/Materials | Hacked VSS Leg | -8/Materials | Hacked Airjet | -8/Materials | Hacked Cmb. Airjet | -6/Factory | Hacked Lrn. Missile Launcher | -6/Factory | Hacked Gravmag Array | -5/Factory | Hacked Alien Tech Used ----------------- None Achievements -------------- Hammer Time Thor Challenges ------------ None Game ------ Seed TractorSuperchargedBay Manual? 0 Play Time 02:37:01 Cumulative 184.8 hours Start 2025.11.15 @ 16:00:22 End 2025.11.15 @ 20:37:25 Sessions 3 Manual Loads 0 Difficulty Rogue Special Mode None Game No. 175 Rogue 175 Adventurer 0 Explorer 0 Win Type - Total 6 Types 5/0/1/0/0/0/0/0/0/0 Lore% 81 Gallery% 70 Achievement% 54 Wizard Run 0 Options --------- Layout 1 ASCII 0 Keyboard 1 Movement Arrows Keybinds 0 Fullscreen 1 Font 24/Smallcaps Map View 50x40 Zoom Use 0% Tactical HUD 1 Map Filters NONE Filters NONE Steam 1 RUN: 042d572f-7098-4292-a92c-bbb8b668d6e9